 Dungeon Crawl Stone Soup version 0.29-a0-416-g83a48905f1 (webtiles) character file.

Game seed: 4353832909120381801

1173 Bruhh the Magician (level 8, -2/56 HPs)
             Began as a Djinni Cinder Acolyte on May 15, 2022.
             Was a High Priest of Ignis.
             Slain by a lemure (6 damage)
             ... led by Pikel
             ... on level 5 of the Dungeon.
             The game lasted 00:07:31 (6579 turns).

Bruhh the Magician (Djinni Cinder Acolyte)          Turns: 6579, Time: 00:07:32

Health: -2/56      AC:  2    Str: 13    XL:     8   Next: 68%
Gold:   291        EV: 17    Int: 18    God:    Ignis [*****.] SH:  0 Dex: 14

rFire   + . .      SeeInvis .   (weapon currently unavailable)
rCold   . . .      Faith    .   (shield currently unavailable)
rNeg    . . .      Spirit   .   (body armour currently unavailable)
rPois   ∞          Reflect  .   (helmet currently unavailable)
rElec   .          Harm     .   (cloak currently unavailable)
rCorr   .          Rampage  .   (gloves currently unavailable)
Will    .....                   (boots unavailable)
Stlth   +.........              (no amulet)
HPRegen 0.18/turn               (no ring)
MPRegen 0.00/turn               (no ring)

@: spider-form, flying
A: venomous fangs, flying, sickness immunity, tiny, (fire resistance 2), (cold
vulnerability 1), float, innate caster, HP casting, extra vitality 1,
(iridescent scales 1), wild magic 1
a: End Transformation, Renounce Religion, Fiery Armour, Foxfire Swarm


You were on level 5 of the Dungeon.
You worshipped Ignis.
Ignis was extremely pleased with you.
You were a venomous arachnid creature.
You visited 1 branch of the dungeon, and saw 5 of its levels.

You collected 291 gold pieces.

Inventory:

Hand Weapons
 a - a -1 falchion of flaming (melded)
Missiles
 n - 3 poisoned darts
Armour
 b - a +0 robe (melded)
Jewellery
 x - a +6 ring of strength
Wands
 p - a wand of flame (19)
 v - a wand of acid (8)
Scrolls
 c - a scroll of enchant weapon {unknown}
 d - 3 scrolls of fog {unknown}
 e - 3 scrolls of enchant armour {unknown}
 f - 3 scrolls of teleportation {unknown}
 h - 3 scrolls of magic mapping {unknown}
 k - 4 scrolls of identify {unknown}
 m - 2 scrolls of vulnerability {unknown}
 o - a scroll of silence {unknown}
 r - a scroll of noise {unknown}
 t - 2 scrolls of torment {unknown}
 u - a scroll of immolation {unknown}
 w - a scroll of blinking {unknown}
Potions
 g - a potion of brilliance
 i - 2 potions of mutation
 j - a potion of attraction {unknown}
 l - a potion of might {unknown}
 q - a potion of heal wounds {unknown}
 z - a potion of haste {unknown}


   Skills:
 + Level 3.0 Fighting
 - Level 2.6 Long Blades
 + Level 7.9 Spellcasting


You had 14 spell levels left.
You knew the following spells:

 Your Spells              Type           Power      Damage    Failure   Level
a - Scorch                Fire           92%        2d9       6%          2
b - Apportation           Tloc           92%        N/A       5%          1
c - Blink                 Tloc           92%        N/A       6%          2
d - Spider Form           Tmut/Pois      46%        N/A       9%          3
Your spell library was empty.

Dungeon Overview and Level Annotations

Branches:
Dungeon (5/15)
 Temple: D:4-7

Altars:
Cheibriados
Kikubaaqudgha

Shops:
D:2 [

Annotations:
D:5 Dowan, Duvessa, Pikel


Innate Abilities, Weirdness & Mutations

You are a venomous arachnid creature.
You have poisonous fangs.
You are tiny and dextrous.
You are flying.
Your spellcasting is less reliable in this form.
Your armour is entirely melded.
You are incapable of wielding weapons or throwing items.
You are immune to sickness and miasma.
You are immune to poison.
((Your flesh is very heat resistant. (rF++)))
((You are vulnerable to cold. (rC-)))
You float through the air rather than walking.
You learn spells naturally, not from books.
Your magical power is your life essence.
You have superior vitality. (+4 MHP)
((You are partially covered in iridescent scales. (AC +2)))
Your spells are a little harder to cast, but a little more powerful.


Message History

* * * LOW HITPOINT WARNING * * *
You hit the lemure.
The lemure is poisoned.
The lemure is lightly wounded.
The lemure barely misses you. The lemure misses you.
You hit the lemure but do no damage.
The lemure looks as sick as possible!
The lemure is lightly wounded.
The lemure closely misses you. x2
Unknown command.
You feel better. The lemure barely misses you. The lemure hits you.
You hit the lemure but do no damage.
The lemure is poisoned.
The lemure is lightly wounded.
The lemure closely misses you. The lemure misses you.
Your magical contamination has completely faded away.
You hit the lemure.
The lemure looks as sick as possible!
The lemure is lightly wounded.
The lemure hits you. x2
You hit the lemure.
The lemure looks as sick as possible!
The lemure is moderately wounded.
The lemure hits you.
* * * LOW HITPOINT WARNING * * *
The lemure misses you.
You barely miss the lemure.
The lemure is heavily wounded.
The lemure hits you.
* * * LOW HITPOINT WARNING * * *
The lemure barely misses you.
Okay, then.
You feel better. The lemure misses you. The lemure closely misses you.
You barely miss the lemure.
The lemure is severely wounded.
The lemure hits you!
* * * LOW HITPOINT WARNING * * *
The lemure hits you!
* * * LOW HITPOINT WARNING * * *
Unknown command.
You feel better. The lemure completely misses you. The lemure hits you!
* * * LOW HITPOINT WARNING * * *
The lemure attacks as you move away! The lemure barely misses you.
The lemure attacks as you move away! The lemure hits you.
You die...

.. #5# .. ##. #.# .. ...
####5# .. #.# #..... .
## #.# #.##.# # #. #.#
#.##.# #.#.###.# #.##.#
#......5##### #5##.#
#......s5...# #.##.#
#.#.#..####.#######.....
#......##.#..5.......#
###..#....5.##########
#..>...####.###
#####.#####.# #.......#
#########


You could see 2 lemures.

Vanquished Creatures
  A water moccasin (D:5)
  An ice beast (D:5)
  An ogre (D:5)
  2 phantoms (D:4)
  A scorpion (D:4)
  3 wights (D:4)
  A water moccasin zombie (D:4)
  A bullfrog zombie (D:4)
  A human zombie (D:4)
  A jelly (D:4)
  Terence (D:3)
  Natasha (thrice) (D:3)
  3 iguanas
  2 scorpion zombies (D:4)
  3 mummies (D:4)
  3 adders
  A gnoll (D:1)
  An ufetubus (D:5)
  An adder zombie (D:4)
  2 worms
  2 dart slugs (D:2)
  An orc (D:5)
  7 ball pythons
  3 endoplasms
  A giant cockroach (D:2)
  7 hobgoblins
  4 jackals (D:3)
  2 quokkas (D:1)
  3 bats (D:1)
  5 frilled lizards
  6 goblins
  6 kobolds
  4 rats
84 creatures vanquished.

Notes
Turn   | Place    | Note
-------+----------+-------------------------------------------
     0 | D:1      | Bruhh the Djinni Cinder Acolyte began the quest for the
                  | Orb.
     0 | D:1      | Reached XP level 1. HP: 20/20 MP: 0/0
   147 | D:1      | Reached XP level 2. HP: 22/25 MP: 0/0
   207 | D:1      | Found a faded altar of an unknown god.
   317 | D:1      | Reached skill level 3 in Spellcasting
   433 | D:1      | Reached XP level 3. HP: 23/30 MP: 0/0
   433 | D:1      | Learned a level 1 spell: Apportation
  1337 | D:2      | You are sucked into a shaft and drop 2 floors!
  1377 | D:3      | Reached XP level 4. HP: 26/35 MP: 0/0
  1619 | D:3      | Noticed Terence
  1627 | D:3      | Killed Terence
  1628 | D:3      | Reached skill level 4 in Spellcasting
  1933 | D:3      | Found a snail-covered altar of Cheibriados.
  1938 | D:3      | Noticed Natasha
  1943 | D:3      | Killed Natasha
  1944 | D:3      | Reached XP level 5. HP: 22/40 MP: 0/0
  1944 | D:3      | Learned a level 2 spell: Blink
  2234 | D:3      | Noticed Natasha
  2502 | D:2      | Found Faiza's Armour Shop.
  2681 | D:3      | Killed Natasha
  2763 | D:3      | Noticed Natasha
  2769 | D:3      | Killed Natasha
  2929 | D:4      | Noticed a phantom
  2937 | D:4      | Killed a phantom
  2938 | D:4      | Reached skill level 5 in Spellcasting
  2938 | D:4      | Reached XP level 6. HP: 21/46 MP: 0/0
  3374 | D:4      | Reached XP level 7. HP: 46/50 MP: 0/0
  3374 | D:4      | Learned a level 3 spell: Spider Form
  3457 | D:4      | Reached skill level 6 in Spellcasting
  4272 | D:4      | Reached XP level 8. HP: 44/56 MP: 0/0
  4426 | D:4      | Reached skill level 7 in Spellcasting
  5102 | D:5      | Entered Level 5 of the Dungeon
  5779 | D:5      | Noticed Duvessa
  5779 | D:5      | Noticed Dowan
  5792 | D:5      | Gained mutation: You are partially covered in iridescent
                  | scales. (AC +2) [potion of mutation]
  5792 | D:5      | Gained mutation: Your spells are a little harder to cast,
                  | but a little more powerful. [potion of mutation]
  6475 | D:5      | Noticed Pikel
  6577 | D:5      | HP: 1/56 [lemure[Pikel] (9)]
  6579 | D:5      | Slain by a lemure

Illustrated notes

Levels and vault maps discovered:
D:1:      scummos_arrival_simple_crosswalls, layout_basic,
          shapermc_ecumenical_altar_starsandcircs, minmay_tetromino_l4
D:2:      layout_basic, serial_shops, nicolae_shop_window_shopping
D:3:      layout_rooms, cheibriados_altar_1, minivault_4, uniq_natasha,
          uniq_terence
D:4:      layout_basic, lemuel_mausoleum_altar_kikubaaqudgha
D:5:      layout_loops_cross, uniq_pikel, uniq_duvessa

Skill      XL: |  1  2  3  4  5  6  7  8 |
---------------+-------------------------+-----
Spellcasting   | 3 4 5 6 7 |  7.9
Fighting       | |  3.0
Long Blades    | |  2.6

Action                   |  1- 3 |  4- 6 |  7- 9 || total
-------------------------+-------+-------+-------++-------
Melee: Falchion          |    14 |     1 |     4 ||    19
       Unarmed           |       |       |    30 ||    30
 Cast: Scorch            |    33 |    51 |    60 ||   144
       Spider Form       |       |       |     4 ||     4
Invok: Fiery Armour      |     1 |       |       ||     1
       Rising Flame      |       |       |     1 ||     1
  Use: Potion            |       |       |     6 ||     6
Armor: Robe              |     3 |     5 |     8 ||    16
       Skin              |       |       |     3 ||     3
Dodge: Dodged            |    21 |    28 |    55 ||   104

Table legend: (Time is in decaauts)
 A = Elapsed time spent in this place.
 B = Non-inter-level travel time spent in this place.
 C = Inter-level travel time spent in this place.
 D = Time resting spent in this place.
 E = Time spent auto-exploring this place.
 F = Levels seen in this place.
 G = Mean time per level.
                   A        B        C        D        E       F      G
               +--------+--------+--------+--------+--------+-----+--------+
         Total |   6592 |   6433 |    159 |   1088 |   4713 |   5 | 1318.4 |
       Dungeon |   6592 |   6433 |    159 |   1088 |   4713 |   5 | 1318.4 |
               +--------+--------+--------+--------+--------+-----+--------+

Top non-repeatable levels by time:
     D:4: 3185 daAuts
     D:3: 1255 daAuts
     D:1: 920 daAuts
     D:2: 722 daAuts
     D:5: 507 daAuts
